 Dungeon Crawl Stone Soup version 0.31-a0-4-gefa6de2278 (webtiles) character file.

Game seed: 4527661203020504087

99 Aneyh the Poker (level 4, 0/30 HPs)
             Began as a Tengu Monk on May 3, 2023.
             Splashed by a jelly's acid (6 damage)
             ... on level 3 of the Dungeon.
             The game lasted 00:04:03 (2276 turns).

Aneyh the Poker (Tengu Monk)                        Turns: 2276, Time: 00:04:05

Health: 0/30       AC: -1    Str: 12    XL:     4   Next: 72%
Magic:  5/5        EV: 13    Int: 10    God:
Gold:   165        SH:  0    Dex: 18    Spells: 3/3 levels left

rFire   + . .        a - +0 spear
rCold   . . .        d - orb {light}
rNeg    . . .        b - +0 robe
rPois   .            (helmet restricted)
rElec   .            (no cloak)
rCorr   .            g - +0 pair of gloves
SInv    .            (boots unavailable)
Will    .....        o - amulet of regeneration
Stlth   +            e - ring of protection from fire
HPRegen 1.05/turn    (no ring)
MPRegen 0.09/turn

%: no passive effects
@: corroded, glowing
A: beak, talons 3
a: no special abilities


You were on level 3 of the Dungeon.
You visited 1 branch of the dungeon, and saw 4 of its levels.

You collected 165 gold pieces.

Inventory:

Hand Weapons
 a - a +0 spear (weapon)
 t - a +2 flail of venom
Missiles
 h - 2 boomerangs (quivered)
 u - a silver boomerang
Armour
 b - a +0 robe (worn)
 d - an orb of light (worn)
 g - a +0 pair of gloves (worn)
Jewellery
 e - a ring of protection from fire (left hand)
 o - an amulet of regeneration (around neck)
 q - a ring of flight
Scrolls
 f - a scroll of enchant weapon {unknown}
 k - 2 scrolls of noise {unknown}
 l - a scroll of amnesia {unknown}
 m - 2 scrolls of identify {unknown}
 p - a scroll of fog {unknown}
 s - a scroll of immolation {unknown}
 v - a scroll of poison {unknown}
Potions
 c - a potion of ambrosia
 i - a potion of brilliance {unknown}
 j - 2 potions of heal wounds {unknown}
 n - a potion of degeneration {unknown}
 r - a potion of attraction {unknown}


   Skills:
 * Level 4.4 Fighting
 + Level 4.6 Polearms
 - Level 3.2 Dodging


You had 3 spell levels left.
You didn't know any spells.
Your spell library contained the following spells:

 Spells                   Type           Power      Damage    Failure   Level
 Beastly Appendage        Tmut           0%         N/A       36%         1
 Wereblood                Tmut           0%         N/A       50%         2
 Spider Form              Tmut/Pois      0%         N/A       75%         3
 Conjure Ball Lightning   Conj/Air       0%         3x3d6     100%        6
 Discord                  Hex            0%         N/A       100%        8
 Disjunction              Tloc           0%         N/A       100%        8


Dungeon Overview and Level Annotations

Branches:
Dungeon (4/15)
 Temple: D:4-7

Altars:
Dithmenos
Makhleb
The Shining One


Innate Abilities, Weirdness & Mutations

You have a beak for a mouth.
You have claws for feet.


Message History

No target in view!
No target in view!
There is an open door here.
Done exploring.
No target in view!
Done exploring.
Done exploring.
Done exploring.
Done exploring.
You see here a +0 club.
There is a stone staircase leading down here.
You climb downwards.
The jelly quivers.
Found a chain mail, 11 gold pieces and a leather armour.
There is a stone staircase leading up here.
A jelly is nearby!
An ogre comes into view. It is wielding a +0 giant club.
The ogre shouts!
A giant cockroach comes into view.
You hit the jelly.
Your hands burn!
You claw the jelly, but do no damage.
The jelly is lightly wounded.
You hit the jelly.
Your hands burn!
You claw the jelly, but do no damage.
The jelly is moderately wounded.
The jelly hits you. The acid corrodes you!
You are splashed with acid!
The jelly attacks as you move away! The jelly closely misses you.
There is a stone staircase leading up here.
The jelly misses you.
You climb upwards.
There is a stone staircase leading down here.
You hit the jelly.
Your hands burn!
You claw the jelly. You peck the jelly.
The jelly is severely wounded.
The jelly hits you.
You are splashed with acid!
You are too injured to fight recklessly!
You hit the jelly but do no damage.
Your hands burn!
* * * LOW HITPOINT WARNING * * *
The jelly is severely wounded.
The jelly hits you.
* * * LOW HITPOINT WARNING * * *
You are splashed with acid.
You die...

##################
.................#
......#.########.#############
.###................)........#
.....)#.########.##.########.####
.###..### #J##.# #...... .# #..#
##### #@##.# #.##### .# #..#
##...###.##.# #.# ### <# #..#
#........##.# #.###.. .###..#
#........##.# ###.##... <.....#
#...........# #.......# .####.#
##...#.###..# #.#####.# .# #.#
##.##.###.######.# #.. .# #.#
#.##..<.........# #.# .# #.#
#.######.######.# #.#


You could see a jelly.

Vanquished Creatures
  2 adders
  A worm (D:2)
  3 dart slugs
  4 orcs (D:3)
  3 ball pythons
  8 endoplasms
  2 giant cockroaches (D:3)
  6 goblins
  3 hobgoblins
  3 jackals (D:2)
  3 quokkas
  8 bats
  3 frilled lizards
  8 kobolds
  6 rats (D:1)
63 creatures vanquished.

Notes
Turn   | Place    | Note
-------+----------+-------------------------------------------
     0 | D:1      | Aneyh the Tengu Monk began the quest for the Orb.
     0 | D:1      | Reached XP level 1. HP: 14/14 MP: 2/2
   197 | D:1      | Reached XP level 2. HP: 15/19 MP: 3/3
  1009 | D:2      | Reached XP level 3. HP: 21/24 MP: 4/4
  1126 | D:2      | Found a faded altar of an unknown god.
  1154 | D:2      | Found a glowing golden altar of the Shining One.
  1387 | D:2      | Reached XP level 4. HP: 26/29 MP: 5/5
  2005 | D:3      | Found a shadowy altar of Dithmenos.
  2188 | D:3      | Found a burning altar of Makhleb.
  2266 | D:4      | Noticed an ogre
  2276 | D:3      | Splashed by a jelly's acid

Illustrated notes

Levels and vault maps discovered:
D:1:      giann_forest_graveyard, layout_basic, minmay_hedge_maze
D:2:      layout_basic, shapermc_ecumenical_altar_mp_vishouse, basic_altar
D:3:      layout_loops_ring, grunt_dithmenos_smoke, lightli_temple_of_fire
D:4:      layout_cave_pools, nicolae_overflow_hidden_temple,
          kennysheep_generic_room_14, uniq_blork_the_orc

Skill      XL: |  1  2  3 |
---------------+----------+-----
Fighting       | 4 |  4.4
Polearms       | 4 |  4.6
Dodging        | |  3.2

Action                     |  1- 3 |  4- 6 || total
---------------------------+-------+-------++-------
  Melee: Spear             |    88 |    69 ||   157
         Kick              |    17 |    19 ||    36
         Peck              |    11 |     5 ||    16
 Armour: Robe              |     5 |     8 ||    13
  Dodge: Dodged            |    29 |    26 ||    55

Table legend: (Time is in decaauts)
 A = Elapsed time spent in this place.
 B = Non-inter-level travel time spent in this place.
 C = Inter-level travel time spent in this place.
 D = Time resting spent in this place.
 E = Time spent auto-exploring this place.
 F = Levels seen in this place.
 G = Mean time per level.
                   A        B        C        D        E       F      G
               +--------+--------+--------+--------+--------+-----+--------+
         Total |   2259 |   2162 |     97 |     35 |   1774 |   4 |  564.8 |
       Dungeon |   2259 |   2162 |     97 |     35 |   1774 |   4 |  564.8 |
               +--------+--------+--------+--------+--------+-----+--------+

Top non-repeatable levels by time:
     D:1: 925 daAuts
     D:3: 767 daAuts
     D:2: 556 daAuts
     D:4: 9 daAuts
